 Dungeon Crawl Stone Soup version 0.29.1-12-g30fa7ad0bf (webtiles) character file.

Game seed: 13215818883761693567

173 concernfroge the Trooper (level 5, -3/46 HPs)
             Began as a Mummy Monk on Dec 17, 2022.
             Slain by a gnoll
             ... wielding a +0 halberd
              (12 damage)
             ... on level 4 of the Dungeon.
             The game lasted 00:06:32 (2812 turns).

concernfroge the Trooper (Mummy Monk)               Turns: 2812, Time: 00:06:32

Health: -3/46      AC:  8    Str: 16    XL:     5   Next: 28%
Magic:  5/5        EV: 15    Int:  9    God:
Gold:   114        SH:  0    Dex: 15    Spells: 4/4 levels left

rFire   . . .      SeeInvis .   b - +0 war axe
rCold   . . .      Faith    .   (no shield)
rNeg    + + +      Spirit   .   c - +3 ring mail
rPois   ∞          Reflect  .   (no helmet)
rElec   .          Harm     .   (no cloak)
rCorr   .          Rampage  .   (no gloves)
Will    .....                   (no boots)
Stlth   ..........              (no amulet)
HPRegen 0.15/turn               e - +4 ring of evasion
MPRegen 0.09/turn               j - ring of fire

@: silenced
A: cold resistance 1, negative energy resistance 3, torment resistance 2, heat
vulnerability 1, in touch with death 1, no potions
a: no special abilities


You were on level 4 of the Dungeon.
You visited 1 branch of the dungeon, and saw 4 of its levels.

You collected 114 gold pieces.

Inventory:

Hand Weapons
 a - a +0 spear
 b - a +0 war axe (weapon)
Missiles
 d - 23 stones
 l - 13 poisoned darts (quivered)
Armour
 c - a +3 ring mail (worn)
Jewellery
 e - a +4 ring of evasion (left hand)
 j - a ring of fire (right hand)
Scrolls
 g - a scroll of noise
 h - 2 scrolls of poison
 i - a scroll of magic mapping


   Skills:
 + Level 5.7 Fighting
 - Level 2.4 Polearms
 + Level 1.3 Throwing
 - Level 2.4 Dodging
 - Level 1.5 Stealth


You had 4 spell levels left.
You didn't know any spells.
Your spell library was empty.

Dungeon Overview and Level Annotations

Branches:
Dungeon (4/15)
 Temple: D:4-7

Altars:
Fedhas
Xom


Innate Abilities, Weirdness & Mutations

You are immune to poison.
Your flesh is cold resistant. (rC+)
You are immune to negative energy. (rN+++)
You are immune to unholy pain and torment.
You are vulnerable to heat. (rF-)
You are in touch with the powers of death.
You do not drink.


Message History

The gnoll hits you from afar with a +0 halberd.
The gnoll barely misses you.
You hit the gnoll.
The gnoll is moderately wounded.
You hit the giant cockroach.
The giant cockroach bites you but does no damage.
The gnoll closely misses you. The gnoll hits you with a +0 spear.
The giant cockroach completely misses you.
You hit the gnoll but do no damage.
The gnoll is moderately wounded.
You hit the giant cockroach but do no damage.
The giant cockroach closely misses you.
The gnoll hits you from afar with a +0 halberd.
The gnoll misses you.
The giant cockroach bites you but does no damage.
The gnoll closely misses you. The gnoll hits you but does no damage.
You slash the gnoll!
You kill the gnoll!
You closely miss the giant cockroach. The giant cockroach closely misses you.
The gnoll closely misses you. The giant cockroach misses you.
The gnoll closely misses you.
You closely miss the gnoll. You barely miss the giant cockroach.
The giant cockroach misses you. The gnoll closely misses you.
The giant cockroach closely misses you. The gnoll barely misses you.
You hit the gnoll.
The gnoll is moderately wounded.
You hit the giant cockroach but do no damage.
The giant cockroach closely misses you. The gnoll hits you with a +0 halberd!
You barely miss the gnoll.
The gnoll is moderately wounded.
You barely miss the giant cockroach. The giant cockroach closely misses you.
The gnoll hits you with a +0 halberd!
* * * LOW HITPOINT WARNING * * *
The giant cockroach barely misses you.
You hit the gnoll.
The gnoll is heavily wounded.
You barely miss the giant cockroach. The gnoll barely misses you.
The giant cockroach completely misses you.
The gnoll hits you with a +0 halberd!
You die...

....#.....
.........#
.........#
#.......#
#.......###
#.........#
#.$.......#
#####
#....B..#
#..<#
#....@))#
###.#
#....g..#
#.#
#########
#.# #.# #.#
#.# #.# #
#.# ##? #.#


You could see a gnoll and a giant cockroach.

Vanquished Creatures
  Jessica (D:2)
  2 gnolls (D:4)
  4 adders
  3 dart slugs
  4 orcs (D:3)
  9 bats
  3 endoplasms
  2 giant cockroaches
  3 goblins
  5 hobgoblins
  10 jackals
  3 quokkas
  8 ball pythons
  4 frilled lizards
  10 kobolds
  7 rats
78 creatures vanquished.

Vanquished Creatures (others)
  A plant (D:3)
1 creature vanquished.

Grand Total: 79 creatures vanquished

Notes
Turn   | Place    | Note
-------+----------+-------------------------------------------
     0 | D:1      | concernfroge the Mummy Monk began the quest for the Orb.
     0 | D:1      | Reached XP level 1. HP: 18/18 MP: 1/1
   256 | D:1      | Reached XP level 2. HP: 23/24 MP: 2/2
   392 | D:1      | Found a faded altar of an unknown god.
   435 | D:1      | Reached skill level 4 in Fighting
   698 | D:1      | Gained mutation: You are in touch with the powers of death.
                  | [Mummy growth]
   698 | D:1      | Reached XP level 3. HP: 27/30 MP: 3/3
  1018 | D:2      | Noticed Jessica
  1027 | D:2      | Killed Jessica
  1028 | D:2      | Reached skill level 5 in Fighting
  1028 | D:2      | Reached XP level 4. HP: 28/39 MP: 4/4
  2029 | D:3      | Found a shimmering altar of Xom.
  2100 | D:3      | Found a blossoming altar of Fedhas.
  2179 | D:3      | Reached XP level 5. HP: 44/44 MP: 5/5
  2199 | D:3      | Reached skill level 1 in Throwing
  2812 | D:4      | Slain by a gnoll

Illustrated notes

Levels and vault maps discovered:
D:1:      dpeg_arrival_rooms_b, layout_basic,
          shapermc_ecumenical_altar_mp_urbaneastern
D:2:      layout_basic, minmay_crystal_room, uniq_jessica
D:3:      wad_lake_hut, layout_basic, mainiacjoe_overflow_chevrons,
          mainiacjoe_overflow_cross_hatched, serial_glass, glass_columns_b,
          glass_columns_c, glass_columns_b, glass_columns_a, glass_columns_a,
          glass_columns_c, glass_columns_c, glass_columns_a, glass_columns_a,
          glass_columns_c, glass_columns_a, glass_columns_b, glass_columns_a,
          glass_columns_a
D:4:      layout_basic, uniq_crazy_yiuf_cottage, uniq_ijyb, uniq_robin

Skill      XL: |  1  2  3  4  5 |
---------------+----------------+-----
Fighting       | 4 5 |  5.7
Throwing       | 1 |  1.3
Polearms       | |  2.4
Dodging        | |  2.4
Stealth        | |  1.5

Action                   |  1- 3 |  4- 6 || total
-------------------------+-------+-------++-------
Melee: Spear             |    53 |       ||    53
       War axe           |    69 |    99 ||   168
       Punch             |       |     2 ||     2
Throw: Stone             |     7 |    23 ||    30
       Dart              |       |    24 ||    24
  Use: Scroll            |       |     6 ||     6
 Stab: Sleeping          |     1 |     1 ||     2
Armor: Ring mail         |    39 |    52 ||    91
Dodge: Dodged            |   103 |   136 ||   239
